 Dungeon Crawl Stone Soup version 0.28-a0-1406-ga8dd43b1d0 (webtiles) character file.

Game seed: 15339022041364228625

9 Morgenrath the Chopper (level 2, -1/25 HPs)
             Began as a Palentonga Monk on Jan 6, 2022.
             Slain by a jackal (3 damage)
             ... on level 1 of the Dungeon.
             The game lasted 00:04:19 (259 turns).

Morgenrath the Chopper (Palentonga Monk)             Turns: 259, Time: 00:04:19

Health: -1/25      AC:  4    Str: 14    XL:     2   Next: 3%
Magic:  2/2        EV: 10    Int: 10    God:
Gold:   22         SH:  0    Dex: 12    Spells: 1/1 levels left

rFire   . . .      SeeInvis +   a - +0 hand axe
rCold   . . .      Faith    .   (no shield)
rNeg    . . .      Spirit   .   b - +0 robe
rPois   .          Reflect  .   (no helmet)
rElec   .          Harm     .   (no cloak)
rCorr   .          Rampage  .   (no gloves)
Will    .....                   (no barding)
Stlth   ++........              (no amulet)
HPRegen 0.08/turn               (no ring)
MPRegen 0.08/turn               (no ring)

@: no status effects
A: large, rugged brown scales 3, see invisible, deformed body, roll 1, armoured
tail
a: Rolling Charge


You were on level 1 of the Dungeon.
You visited 1 branch of the dungeon, and saw 1 of its levels.

You collected 22 gold pieces.

Inventory:

Hand Weapons
 a - a +0 hand axe (weapon)
Missiles
 c - 17 stones
Armour
 b - a +0 robe (worn)
Potions
 d - a potion of lignification {unknown}


   Skills:
 + Level 3.2 Fighting
 + Level 3.2 Axes
 + Level 2.6 Dodging
 - Level 1.2 Stealth


You had one spell level left.
You didn't know any spells.
Your spell library was empty.

Dungeon Overview and Level Annotations

Branches:
Dungeon (1/15)

Altars:


Innate Abilities, Weirdness & Mutations

You are completely covered in rugged brown scales. (AC +3, +7% HP)
You have supernaturally acute eyesight. (SInv)
Armour fits poorly on your strangely shaped body.
You can roll at nearby foes to attack.
You have a long armoured tail.


Message History

* * * LOW HITPOINT WARNING * * *
You hit the jackal.
You kill the jackal!
You hit the jackal but do no damage. The jackal barely misses you.
You have reached level 2!
You closely miss the jackal.
The jackal bites you but does no damage. x2
You closely miss the jackal.
Your tail-slap misses the jackal.
You hit the jackal.
The jackal bites you but does no damage. x2
The jackal closely misses you.
You closely miss the jackal.
Your tail-slap misses the jackal.
You barely miss the jackal. The jackal misses you.
The jackal closely misses you. x2
You hit the jackal but do no damage. You miss the jackal.
The jackal barely misses you. x2
The jackal bites you but does no damage.
You hit the jackal. Your punch misses the jackal.
The jackal is severely wounded.
You hit the jackal but do no damage. The jackal bites you.
* * * LOW HITPOINT WARNING * * *
The jackal barely misses you. The jackal bites you.
* * * LOW HITPOINT WARNING * * *
The jackal bites you but does no damage.
You barely miss the jackal.
The jackal is severely wounded.
You hit the jackal. The jackal bites you.
* * * LOW HITPOINT WARNING * * *
The jackal bites you but does no damage.
The jackal barely misses you.
You closely miss the jackal.
The jackal is severely wounded.
You hit the jackal but do no damage. The jackal bites you.
* * * LOW HITPOINT WARNING * * *
The jackal barely misses you. The jackal closely misses you.
You hit the jackal.
You kill the jackal!
You hit the jackal but do no damage. The jackal closely misses you.
The jackal bites you.
You die...

.. . ######### ...
.#.##.......# ....
............###....
##.#...............
.##.......#..... #
#[...........# ###
#........h..### ...
>.#.#....†@.# ...
......####..# .#
......####..# .#
............## .#
... ..###..#....#
...... ## ####.###
...... #.†.# .....
###.# #.... . #.###


You could see a jackal.

Vanquished Creatures
  An endoplasm (D:1)
  2 hobgoblins (D:1)
  2 jackals (D:1)
  A ball python (D:1)
  2 bats (D:1)
  2 kobolds (D:1)
10 creatures vanquished.

Notes
Turn   | Place    | Note
-------+----------+-------------------------------------------
     0 | D:1      | Morgenrath the Palentonga Monk began the quest for the Orb.
     0 | D:1      | Reached XP level 1. HP: 19/19 MP: 1/1
    20 | D:1      | Found a faded altar of an unknown god.
   252 | D:1      | Reached XP level 2. HP: 7/25 MP: 2/2
   259 | D:1      | Slain by a jackal

Illustrated notes

Levels and vault maps discovered:
D:1:      dpeg_arrival_radiant, layout_rooms, chequers_ecumenical_altar_island,
          serial_shops, nicolae_lakefront_shop, patterned_corridor

Action                   || total
-------------------------++-------
Melee: Hand axe          ||    31
       Tailslap          ||     4
       Punch             ||     1
Armor: Robe              ||    16
Dodge: Dodged            ||    27

Table legend: (Time is in decaauts)
 A = Elapsed time spent in this place.
 B = Non-inter-level travel time spent in this place.
 C = Inter-level travel time spent in this place.
 D = Time resting spent in this place.
 E = Time spent auto-exploring this place.
 F = Levels seen in this place.
 G = Mean time per level.
                   A        B        C        D        E       F      G
               +--------+--------+--------+--------+--------+-----+--------+
         Total |    263 |    263 |      0 |      0 |     61 |   1 |  263.0 |
       Dungeon |    263 |    263 |      0 |      0 |     61 |   1 |  263.0 |
               +--------+--------+--------+--------+--------+-----+--------+

Top non-repeatable levels by time:
     D:1: 263 daAuts
